 Dungeon Crawl Stone Soup version 0.31-a0-210-gccc998df9b (webtiles) character file.

Game seed: 363028772570323389

267 qw the Chopper (level 6, -2/38 HPs)
             Began as a Gargoyle Fighter on June 29, 2023.
             Killed from afar by a white imp (5 damage)
             ... with a puff of frost
             ... on level 4 of the Dungeon.
             The game lasted 00:01:27 (2747 turns).

qw the Chopper (Gargoyle Fighter)                   Turns: 2747, Time: 00:01:28

Health: -2/38      AC: 14    Str: 22    XL:     6   Next: 21%
Magic:  6/6        EV:  9    Int:  8    God:
Gold:   176        SH:  4    Dex:  9    Spells: 5/5 levels left

rFire   . . .        Y - +0 war axe
rCold   . . .        c - +0 buckler
rNeg    + . .        b - +0 scale mail
rPois   inf          i - +1 hat
rElec   +            n - +1 cloak
rCorr   .            (no gloves)
SInv    .            (no boots)
Will    .....        (no amulet) Stlth
                     (no ring)
HPRegen 0.26/turn    (no ring)
MPRegen 0.10/turn

%: no passive effects
@: no status effects
A: sickness immunity, AC +4, negative energy resistance 1, electricity
resistance, torment resistance 1, petrification resistance
a: no special abilities


You were on level 4 of the Dungeon.
You visited 1 branch of the dungeon, and saw 5 of its levels.

You collected 176 gold pieces.


Innate Abilities, Weirdness & Mutations

You are immune to sickness and miasma.
Your stone body is resilient. (AC +4)
You are immune to poison.
You resist negative energy. (rN+)
You are resistant to electric shocks. (rElec)
You are resistant to unholy torment.
You are immune to petrification.


   Skills:
 + Level 3.6 Fighting
 - Level 5.6 Axes
 - Level 3.2 Armour
 - Level 3.2 Shields


You had 5 spell levels left.
You didn't know any spells.
Your spell library was empty.

Inventory:

Hand Weapons
 o - a +0 flail
 Y - a +0 war axe (weapon)
Missiles
 e - a boomerang (quivered)
Armour
 b - a +0 scale mail (worn)
 c - a +0 buckler (worn)
 i - a +1 hat (worn)
 n - a +1 cloak (worn)
Scrolls
 j - a scroll of identify
Potions
 d - a potion of might
 f - a potion of lignification {unknown}
 g - a potion of heal wounds {unknown}
 k - a potion of enlightenment {unknown}
 l - a potion of cancellation {unknown}

Dungeon Overview and Level Annotations

Branches:
Dungeon (5/15)
 Temple: D:4-7

Altars:
Ashenzari
Trog

Shops:
D:4 *

Annotations:
D:4 Sigmund


Message History

The puff of frost hits you but does no damage.
Sigmund gestures wildly while chanting.
Sigmund flickers and vanishes!
Deactivating autopickup; reactivate with Ctrl-A.
2742 ||| STAIRDANCE The white imp picks up a beetle and eats it.
The white imp barely misses you. Something hits you!
In your confused state, you trip and fall back down the stairs.
The hound bites you.
The white imp hits you but does no damage.
2744 ||| DRINKING potion of curing.
You feel better.
2744 ||| (to cure confusion)
The hound bites you.
The white imp hits you but does no damage.
Something hits you. The hound bites you but does no damage.
2745 ||| STAIRDANCE The hound bites you but does no damage.
The white imp barely misses you. Something hits you!
You climb upwards.
Reactivating autopickup.
There is a stone staircase leading down here.
Enter note:
Enter note:
Enter note:
Enter note:
Enter note:
Enter note:
Enter note:
Enter note:
Enter note:
Enter note:
Enter note:
Enter note: You hit the hound.
The hound is lightly wounded.
You barely miss something. The hound bites you. The white imp gestures at you.
The puff of frost hits you.
You die...

...............#(##.# ##.#.....#
............####.##.# ##..#.....#
.....##.###.#######.# #..##.....#
.....##..##.........# #.###.....#
.....###.....######## #.# #.....#
.....# ####........# #.# #.....#
.....# #.#..###.# #.# ###....
.....# #.##.###.####.# #....
.....######.##5.@h......# #....
............##.###.##########....
.....#########.# #.[.............
.....# #.###...............
.....# #...................
.....# ################....
.....# #.... ###### #.... #....


You could see a hound and a white imp.

Vanquished Creatures
  A water moccasin (D:4)
  A hound (D:5)
  5 adders
  3 worms
  3 dart slugs
  2 orcs (D:4)
  7 ball pythons
  5 endoplasms
  3 giant cockroaches
  4 goblins
  7 hobgoblins
  8 jackals
  2 quokkas (D:1)
  4 bats
  4 frilled lizards
  5 kobolds
  9 rats
73 creatures vanquished.

Notes
Turn   | Place    | Note
-------+----------+-------------------------------------------
     0 | D:1      | qw the Gargoyle Fighter began the quest for the Orb.
     0 | D:1      | Reached XP level 1. HP: 14/14 MP: 1/1
     0 | D:1      | 0 ||| qw: Version: 0.3-a-24-ga2abf7b
     0 | D:1      | 0 ||| qw: Game counter: 7006
     0 | D:1      | 0 ||| qw: Melee chars always use a shield: true
     0 | D:1      | 0 ||| qw: God list: Okawaru
     0 | D:1      | 0 ||| qw: Allow faded altars: false
     0 | D:1      | 0 ||| qw: Do Orc after clearing Dungeon:15 true
     0 | D:1      | 0 ||| qw: Do second Lair branch before Depths: true
     0 | D:1      | 0 ||| qw: Lair rune preference: random
     0 | D:1      | 0 ||| qw: Goals: Normal, Zot:1-4, Slime:5, God:TSO, Crypt,
                  | Tomb, Abyss, Pan, Hells, Win
     0 | D:1      | 0 ||| PLANNING D:1-11
    33 | D:1      | Reached skill level 2 in Axes
   264 | D:1      | Reached XP level 2. HP: 19/19 MP: 2/2
   660 | D:1      | Reached skill level 3 in Axes
   808 | D:1      | 808 ||| UPGRADING to +1 hat.
   813 | D:1      | 813 ||| READING scroll labelled DYPROASAIR.
   814 | D:1      | 814 ||| READING scroll labelled HUMPOS IQIRA.
   818 | D:1      | 818 ||| READING 2 scrolls labelled AFRAESCHESSA.
   819 | D:1      | 819 ||| READING scroll labelled WETITE AQ QOUPIHIU.
   876 | D:2      | Reached XP level 3. HP: 23/23 MP: 3/3
  1061 | D:2      | 1061 ||| Stepping ~*~*~tactically~*~*~ (stealth).
  1233 | D:2      | Found a faded altar of an unknown god.
  1291 | D:2      | Reached XP level 4. HP: 28/28 MP: 4/4
  1504 | D:2      | 1504 ||| DRINKING 2 fuming brown potions.
  1508 | D:2      | 1508 ||| READING 2 scrolls of identify.
  1508 | D:2      | 1508 ||| IDENTIFYING smoky black potion
  1509 | D:2      | 1509 ||| DROPPING potion of ambrosia.
  1510 | D:2      | 1510 ||| DROPPING potion of invisibility.
  1582 | D:3      | Reached skill level 4 in Axes
  1887 | D:3      | 1887 ||| READING scroll labelled EMUTRU RAUPT.
  1909 | D:4      | Found a bloodstained altar of Trog.
  2006 | D:4      | 2006 ||| FLEEEEING.
  2018 | D:4      | 2018 ||| FLEEEEING.
  2019 | D:4      | 2019 ||| FLEEEEING.
  2020 | D:4      | 2020 ||| FLEEEEING.
  2021 | D:4      | 2021 ||| FLEEEEING.
  2022 | D:4      | 2022 ||| FLEEEEING.
  2023 | D:4      | 2023 ||| FLEEEEING.
  2024 | D:4      | 2024 ||| FLEEEEING.
  2030 | D:4      | 2030 ||| FLEEEEING.
  2086 | D:4      | Found Dupyris's Gadget Gallery.
  2091 | D:4      | 2091 ||| SHOPLISTING wand of digging (4) (184 gold, have
                  | 176).
  2102 | D:4      | Reached XP level 5. HP: 32/32 MP: 5/5
  2236 | D:4      | 2236 ||| Stepping ~*~*~tactically~*~*~ (stealth).
  2367 | D:4      | 2367 ||| DROPPING +0 whip.
  2538 | D:4      | Found a broken altar of Ashenzari.
  2538 | D:4      | Noticed a water moccasin
  2561 | D:4      | Killed a water moccasin
  2562 | D:4      | Reached skill level 5 in Axes
  2562 | D:4      | Reached XP level 6. HP: 19/37 MP: 6/6
  2697 | D:4      | 2697 ||| UPGRADING to +1 cloak.
  2702 | D:4      | 2702 ||| READING scroll labelled JOTHO OLIPOI.
  2703 | D:4      | 2703 ||| DRINKING 2 green potions.
  2730 | D:5      | Entered Level 5 of the Dungeon
  2731 | D:5      | 2731 ||| PLANNING SEWER
  2731 | D:5      | Noticed Sigmund
  2732 | D:5      | 2732 ||| Stepping ~*~*~tactically~*~*~ (hiding).
  2739 | D:5      | Noticed an orc warrior
  2740 | D:5      | 2740 ||| STAIRDANCE
  2742 | D:5      | 2742 ||| STAIRDANCE
  2744 | D:5      | 2744 ||| DRINKING potion of curing.
  2744 | D:5      | 2744 ||| (to cure confusion)
  2745 | D:5      | 2745 ||| STAIRDANCE
  2745 | D:5      | HP: 6/38 [something (9)]
  2747 | D:4      | Killed from afar by a white imp

Levels and vault maps discovered:
D:1:      lightli_arrival_boilingwater, layout_loops_cross, serial_forest,
          infiniplex_forest_lined_3, infiniplex_forest_zigzag_1,
          infiniplex_forest_lined_corner, infiniplex_forest_clump_large,
          infiniplex_forest_straight_3, infiniplex_forest_clump_tiny,
          infiniplex_forest_clump_cross, nrook_uturn
D:2:      minmay_chambers_of_ones, layout_rooms, basic_ecumenical_altar,
          nicolae_elevator_lobby_plus
D:3:      layout_rooms, kennysheep_potato
D:4:      layout_basic, evilmike_ruin_ashenzari, old_standard_altar,
          nicolae_shop_gadgets
D:5:      layout_basic, gup_sewer_entry_bowl, serial_shops,
          kennysheep_mini_moat, minivault_27, kennysheep_generic_room_13,
          uniq_duvessa, uniq_edmund, uniq_eustachio, uniq_sigmund

Skill      XL: |  1  2  3  4  5 |
---------------+----------------+-----
Axes           | 2 3 4 5 |  5.6
Fighting       | |  3.6
Armour         | |  3.2
Shields        | |  3.2

Action                     |  1- 3 |  4- 6 || total
---------------------------+-------+-------++-------
  Melee: War axe           |   134 |    78 ||   212
  Throw: Boomerang         |     4 |    51 ||    55
    Use: Scroll            |     4 |     3 ||     7
         Potion            |       |     3 ||     3
 Armour: Scale mail        |    70 |    63 ||   133
  Dodge: Dodged            |    55 |    30 ||    85
  Block: Buckler           |    21 |    15 ||    36

Table legend:
 A = Non-vault XP
 B = Vault XP
 C = Vault XP percentage of total XP
 D = Non-vault monster count
 E = Vault monster count
 F = Vault count percentage of total count
                 A         B        C        D         E       F
            +---------+---------+-------+---------+---------+-------
      Total |     369 |      13 |   3.4 |      66 |       7 |   9.6
            +---------+---------+-------+---------+---------+-------
        D:1 |      32 |       0 |   0.0 |      20 |       0 |   0.0
        D:2 |      49 |       8 |  14.0 |      20 |       5 |  20.0
        D:3 |      18 |       5 |  21.7 |       4 |       2 |  33.3
        D:4 |     228 |       0 |   0.0 |      21 |       0 |   0.0
        D:5 |      42 |       0 |   0.0 |       1 |       0 |   0.0
            +---------+---------+-------+---------+---------+-------
